 Dungeon Crawl Stone Soup version 0.29.0-4-gdea44cf6ec (webtiles) character file.

Game seed: 9451319235439644537

22 qw the Chopper (level 2, -1/17 HPs)
             Began as a Tengu Warper on Aug 28, 2022.
             Succumbed to a kobold's poison
             ... on level 1 of the Dungeon.
             The game lasted 00:00:03 (1011 turns).

qw the Chopper (Tengu Warper)                       Turns: 1011, Time: 00:00:04

Health: -1/17      AC:  3    Str: 11    XL:     2   Next: 91%
Magic:  6/6        EV: 11    Int: 13    God:
Gold:   58         SH:  0    Dex: 13    Spells: 5/5 levels left

rFire   . . .      SeeInvis .   a - +0 hand axe
rCold   . . .      Faith    .   (no shield)
rNeg    . . .      Spirit   .   b - +0 leather armour
rPois   .          Reflect  .   (helmet restricted)
rElec   .          Harm     .   (no cloak)
rCorr   .          Rampage  .   (no gloves)
Will    .....                   (boots unavailable)
Stlth   +.........              (no amulet)
HPRegen 0.05/turn               (no ring)
MPRegen 0.10/turn               (no ring)

@: lethally poisoned (-1 -> -22)
A: beak, talons 3
a: no special abilities


You were on level 1 of the Dungeon.
You visited 1 branch of the dungeon, and saw 1 of its levels.

You collected 58 gold pieces.


Innate Abilities, Weirdness & Mutations

You have a beak for a mouth.
You have claws for feet.


   Skills:
 - Level 2.0 Fighting
 + Level 3.6 Axes
 - Level 1.0 Throwing
 - Level 1.1 Armour
 - Level 2.1 Dodging
 - Level 2.0 Spellcasting
 - Level 2.4 Translocations


You had 5 spell levels left.
You didn't know any spells.
Your spell library contained the following spells:

 Spells                   Type           Power      Damage    Failure   Level
 Blink                    Tloc           14%        N/A       19%         2
 Gell's Gravitas          Tloc           7%         N/A       36%         3
 Lesser Beckoning         Tloc           7%         N/A       36%         3
 Teleport Other           Tloc           7%         N/A       36%         3
 Manifold Assault         Tloc           7%         N/A       98%         5

Inventory:

Hand Weapons
 a - a +0 hand axe (weapon)
 f - a +0 whip
Armour
 b - a +0 leather armour (worn)
 d - a +0 scale mail
Scrolls
 c - a scroll of blinking
 e - a scroll of torment {unknown}
Potions
 g - a potion of cancellation {unknown}

Dungeon Overview and Level Annotations

Branches:
Dungeon (1/15)

Altars:


Message History

You see here a giant cockroach corpse.
g - a gluggy clear potion You open the door.
Found 10 stones.
There is an open door here.
You see here 5 stones.
A frilled lizard comes into view.
The frilled lizard hisses angrily.
Enter note: You closely miss the frilled lizard.
The frilled lizard barely misses you.
A kobold comes into view. It is wielding a +2 dagger of venom.
You completely miss the frilled lizard.
The kobold shouts!
Your kick misses the frilled lizard. You peck the frilled lizard.
The frilled lizard is heavily wounded.
The frilled lizard bites you.
You closely miss the frilled lizard. Your kick misses the frilled lizard.
You peck the frilled lizard, but do no damage.
The frilled lizard is heavily wounded.
The frilled lizard closely misses you.
You hit the frilled lizard.
You kill the frilled lizard!
The kobold throws a stone.
The stone closely misses you.
You closely miss the kobold. Your kick misses the kobold.
The kobold hits you with a +2 dagger of venom.
You are poisoned.
You closely miss the kobold. Your kick misses the kobold.
You feel sick.
The kobold hits you with a +2 dagger of venom.
You are lethally poisoned!
You closely miss the kobold. You peck the kobold.
The kobold is moderately wounded.
You feel very sick.
The kobold hits you with a +2 dagger of venom.
You are more poisoned.
You closely miss the kobold. Your kick misses the kobold.
Your peck misses the kobold.
The kobold is moderately wounded.
You die...

#...# #.# #..##.# ##...##
###.###.# .....# ##.>...##
##......# #.##.## ##.......#
###...#.#######.#...####.........
..................(....'........%
###...#.#######.#.(.####....[....
##.##.# #......#.## ##.......#
####.# #.###..### ##.....## #.#
#.@# ##...## #.# #.K# ##+## #.#
#..# #.# .... #.# ..... #.#
....... #.# #....... #######.#
#........ ........#


You could see a kobold.

Vanquished Creatures
  2 dart slugs (D:1)
  An endoplasm (D:1)
  A giant cockroach (D:1)
  3 goblins (D:1)
  4 hobgoblins (D:1)
  A kobold (D:1)
  A quokka (D:1)
  A frilled lizard (D:1)
  A rat (D:1)
15 creatures vanquished.

Notes
Turn   | Place    | Note
-------+----------+-------------------------------------------
     0 | D:1      | qw the Tengu Warper began the quest for the Orb.
     0 | D:1      | Reached XP level 1. HP: 12/12 MP: 4/4
     0 | D:1      | 0 ||| qw: Version: 0.1-a-89-g26bdef1
     0 | D:1      | 0 ||| qw: Game counter: 1365
     0 | D:1      | 0 ||| qw: Always use a shield: true
     0 | D:1      | 0 ||| qw: God list: Okawaru
     0 | D:1      | 0 ||| qw: Allow faded altars: false
     0 | D:1      | 0 ||| qw: Do Orc after D:15 true
     0 | D:1      | 0 ||| qw: Do second Lair branch before Depths: true
     0 | D:1      | 0 ||| qw: Lair rune preference: random
     0 | D:1      | 0 ||| qw: Plans: Normal
     0 | D:1      | 0 ||| PLANNING D:1-11
     5 | D:1      | 5 ||| Stepping ~*~*~tactically~*~*~ (hiding).
   107 | D:1      | 107 ||| Stepping ~*~*~tactically~*~*~ (hiding).
   483 | D:1      | Reached skill level 3 in Axes
   483 | D:1      | Reached XP level 2. HP: 13/17 MP: 6/6
  1010 | D:1      | HP: 3/17 [kobold/+2 dagger of venom (4)]
  1011 | D:1      | Succumbed to a kobold's poison

Levels and vault maps discovered:
D:1:      minmay_arrival_jagged, layout_loops_corners,
          nicolae_ecumenical_snake_handling, hangedman_decor_points

Skill      XL: |  1 |
---------------+----+-----
Axes           | 3 |  3.6
Fighting       | |  2.0
Throwing       | |  1.0
Armour         | |  1.1
Dodging        | |  2.1
Spellcasting   | |  2.0
Translocations | |  2.4

Action                   || total
-------------------------++-------
Melee: Hand axe          ||    39
       Kick              ||     5
       Peck              ||     5
Throw: Boomerang         ||     7
Armor: Leather armour    ||     2
Dodge: Dodged            ||    15

Table legend:
 A = Non-vault XP
 B = Vault XP
 C = Vault XP percentage of total XP
 D = Non-vault monster count
 E = Vault monster count
 F = Vault count percentage of total count
                 A         B        C        D         E       F
            +---------+---------+-------+---------+---------+-------
      Total |      32 |       0 |   0.0 |      15 |       0 |   0.0
            +---------+---------+-------+---------+---------+-------
        D:1 |      32 |       0 |   0.0 |      15 |       0 |   0.0
            +---------+---------+-------+---------+---------+-------
